 Dungeon Crawl Stone Soup version 0.30-a0-586-g23e55c9e0a (webtiles) character file.

Game seed: 2456279618307451515

11827 Shayle the Reanimator (level 11, 0/89 HPs)
             Began as a Demonspawn Reaver on Jan 3, 2023.
             Was an Initiate of Ashenzari.
             Slain by an elephant (1 damage)
             ... on level 3 of the Lair of Beasts.
             The game lasted 00:25:38 (12478 turns).

Shayle the Reanimator (Demonspawn Reaver)          Turns: 12478, Time: 00:25:39

Health: 0/89       AC:  9    Str: 13    XL:     11   Next: 54%
Magic:  0/23       EV: 17    Int: 18    God:    Ashenzari [......]
Gold:   852        SH:  0    Dex: 16    Spells: 10/14 levels left

rFire   . . .      SeeInvis .    p - +6 whip "Udal Sabb" {elec, Dex+4}
rCold   + . .      Faith    .    (no shield)
rNeg    . . .      Spirit   +    h - +2 ring mail {rC+}
rPois   .          Reflect  .    (no helmet)
rElec   .          Harm     .    x - +0 cloak
rCorr   .          Rampage  .    (no gloves)
Will    .....                    D - +0 pair of boots
Stlth   +                        (no amulet)
HPRegen 0.34/turn                u - ring "Bound Yoke" {MP+9, Elem, Cun} (curse)
MPRegen 0.36/turn                J - ring of wizardry

@: on berserk cooldown, slowed, very slow
A: repulsion field 1, demonic guardian 2, magic shield, magic regeneration,
magic link
a: Renounce Religion, Curse Item, Shatter the Chains


You were on level 3 of the Lair of Beasts.
You worshipped Ashenzari.
Ashenzari was noncommittal.
You visited 3 branches of the dungeon, and saw 14 of its levels.
You also visited: Sewer.

You collected 852 gold pieces.

Inventory:

Hand Weapons
 a - a +0 spear
 o - a +3 short sword of protection
 p - the +6 whip "Udal Sabb" (weapon) {elec, Dex+4}
   (You found it on level 3 of the Dungeon)

   It occasionally discharges a powerful burst of electricity upon striking a
   foe.
   Dex:       It affects your dexterity (+4).
 y - a +4 scimitar of flaming
Missiles
 j - 13 curare-tipped darts (quivered)
Armour
 b - a +0 leather armour
 e - a scarf of resistance
 h - a +2 ring mail of cold resistance (worn)
 x - a +0 cloak (worn)
 D - a +0 pair of boots (worn)
 E - a +0 troll leather armour
Jewellery
 u - the cursed ring "Bound Yoke" (left hand) {MP+9, Elem, Cun}
   (You found it on level 7 of the Dungeon)

   [ring of magical power]

   MP:        It affects your magic capacity (+9).
   It has a curse which improves the following skills: Elements: Fire Magic, Ice
   Magic, Air Magic and Earth Magic.
   Cunning:   Dodging and Stealth.
 J - a ring of wizardry (right hand)
Wands
 s - a wand of polymorph (19)
 A - a wand of digging (3)
 B - a wand of paralysis (12)
 C - a wand of flame (7)
 H - a wand of roots (4)
Scrolls
 f - a scroll of brand weapon
 g - 6 scrolls of identify
 k - 2 scrolls of silence
 m - 3 scrolls of teleportation
 r - a scroll of immolation
 I - a scroll of blinking {unknown}
 L - a scroll of summoning
Potions
 c - 2 potions of haste
 d - a potion of flight {unknown}
 i - 3 potions of curing
 n - 3 potions of brilliance
 q - a potion of degeneration
 t - 3 potions of magic
 v - a potion of lignification {unknown}
 w - a potion of might {unknown}
 z - a potion of attraction {unknown}
 G - a potion of resistance {unknown}
 K - a potion of mutation {unknown}


   Skills:
 + Level 9.5 Fighting
 - Level 2.6 Polearms
 + Level 8.7(9.2) Dodging
 - Level 2.0 Spellcasting
 - Level 3.0 Conjurations
 + Level 10.1 Necromancy
 + Level 1.3(1.6) Ice Magic
 + Level 8.4(8.9) Earth Magic


You had 10 spell levels left.
You knew the following spells:

 Your Spells              Type           Power      Damage    Failure   Level
a - Kiss of Death         Conj/Necr      100%       2d13      1%          1
b - Hailstorm             Conj/Ice       10%        3d5       17%         3

Your spell library contained the following spells:

 Spells                   Type           Power      Damage    Failure   Level
 Agony                    Necr           38%        N/A       7%          5
 Momentum Strike          Conj/Tloc      14%        3d8       13%         2
 Ensorcelled Hibernation  Hex/Ice        8%         N/A       16%         2
 Anguish                  Hex/Necr       10%        N/A       21%         4
 Dazzling Flash           Conj/Hex       14%        N/A       26%         3
 Gell's Gravitas          Tloc           1%         N/A       41%         3
 Lesser Beckoning         Tloc           2%         N/A       41%         3
 Spider Form              Tmut/Pois      1%         N/A       41%         3
 Teleport Other           Tloc           1%         N/A       41%         3
 Silence                  Hex/Air        0%         N/A       98%         5
 Conjure Ball Lightning   Conj/Air       3%         3x3d6     100%        6
 Discord                  Hex            0%         N/A       100%        8
 Disjunction              Tloc           0%         N/A       100%        8


Dungeon Overview and Level Annotations

Branches:
Dungeon (10/15)            Temple (1/1) D:4            Lair (3/5) D:10
  Swamp (0/4) Lair:3        Sewer (visited)
  Snake: Lair:2-3    Spider: Lair:2-3       Orc: D:9-12

Altars:
Ashenzari
Cheibriados
Dithmenos
Fedhas
Gozag
Hepliaklqana
Kikubaaqudgha
Makhleb
Nemelex Xobeh
Okawaru
Qazlal
Ru
Sif Muna
Trog
Uskayaw
Vehumet
Wu Jian
Xom
Yredelemnul

Shops:
D:2 =   D:3 *   D:5 *=

Annotations:
Lair:2 Fannar


Innate Abilities, Weirdness & Mutations

You are surrounded by a mild repulsion field. (EV +2)
A demonic guardian rushes to your aid.
When hurt, damage is shared between your health and your magic reserves.
You regenerate magic rapidly.
When low on magic, you restore magic in place of health.


Message History

* * * LOW HITPOINT WARNING * * *
You whack the elephant! Lightning courses through the elephant!
The elephant is severely wounded.
You hit the elephant.
Lightning courses through the elephant!!
You kill the elephant!
The elephant barely misses you. The elephant misses you.
You whack the elephant!
The elephant is lightly wounded.
The elephant tramples you!
* * * LOW HITPOINT WARNING * * *
A demonic guardian appears!
You hold your ground!
The elephant trunk-slaps you.
* * * LOW HITPOINT WARNING * * *
The elephant closely misses you. x2
You whack the elephant!
The elephant is moderately wounded.
You are no longer berserk.
You are exhausted.
You feel yourself slow down. The elephant tramples you!
* * * LOW HITPOINT WARNING * * *
You hold your ground!
The elephant misses you. The elephant tramples you.
* * * LOW HITPOINT WARNING * * *
You hold your ground!
The elephant trunk-slaps you but does no damage.
Unknown command.
You whack the elephant!
The elephant is heavily wounded.
Your orange demon stings the elephant but does no damage.
Your orange demon hits the elephant.
The elephant misses you.
The elephant trunk-slaps you but does no damage.
The elephant tramples you but does no damage.
The elephant closely misses you.
Your orange demon stings the elephant but does no damage.
Your orange demon hits the elephant but does no damage.
You whack the elephant!
The elephant is heavily wounded.
The elephant tramples you but does no damage.
The elephant misses you. The elephant tramples you.
You hold your ground!
The elephant trunk-slaps you.
You die...

### ##..# ###
##....##P#
.###.....lY@#
.........YY##
........4Y#
...(....##
#.#.....#
#.##....##
#........#
##....##....l..F
#....##.###.#.P?


You could see 4 elephants, a komodo dragon and a friendly orange demon
(summoned).

Vanquished Creatures
  Erica (D:8)
  An elephant (Lair:3)
  5 cane toads
  A komodo dragon (Lair:3)
  3 kobold demonologists (D:9)
  A troll (D:9)
  A dream sheep (D:7)
  4 wyverns
  A steam dragon (D:8)
  Eustachio (D:5)
  5 water moccasins
  3 black bears
  3 orc warriors
  2 ice beasts
  4 ogres
  A centaur (D:10)
  21 kobold brigands
  2 necrophages
  7 bullfrogs
  A scorpion (D:4)
  10 wights
  10 killer bees
  2 howler monkeys (D:7)
  4 electric eels (Lair:1)
  A gnoll bouda (D:6)
  7 orc priests
  2 hounds
  3 iguanas
  8 orc wizards
  A hell rat (Sewer)
  7 adders
  2 river rats (Sewer)
  An ufetubus (D:5)
  4 worms
  2 dart slugs
  24 orcs
  6 ball pythons
  4 bats
  6 endoplasms
  5 giant cockroaches
  3 goblins
  6 hobgoblins
  3 jackals (D:2)
  20 kobolds
  3 quokkas
  2 frilled lizards
  7 rats
221 creatures vanquished.

Vanquished Creatures (collateral kills)
  A cane toad (Lair:1)
  A troll (D:10)
  2 dream sheep (D:7)
  3 yaks (Lair:1)
  A kobold brigand (D:10)
  A wight (D:7)
  2 killer bees
  A howler monkey (D:5)
  An orc priest (D:7)
  An iguana (D:2)
  3 orcs
  A bat (D:3)
18 creatures vanquished.

Vanquished Creatures (others)
  A human (D:9)
  A fungus (Lair:1)
  9 plants (Lair:1)
11 creatures vanquished.

Grand Total: 250 creatures vanquished

Notes
Turn   | Place    | Note
-------+----------+-------------------------------------------
     0 | D:1      | Shayle the Demonspawn Reaver began the quest for the Orb.
     0 | D:1      | Reached XP level 1. HP: 16/16 MP: 3/3
   127 | D:1      | Gained mutation: A weak demonic guardian rushes to your
                  | aid. [demonic ancestry]
   127 | D:1      | Reached XP level 2. HP: 22/22 MP: 5/5
   466 | D:2      | Reached skill level 1 in Necromancy
   530 | D:2      | Reached skill level 1 in Earth Magic
   530 | D:2      | Gained mutation: You are surrounded by a mild repulsion
                  | field. (EV +2) [demonic ancestry]
   530 | D:2      | Reached XP level 3. HP: 19/28 MP: 6/6
   714 | D:2      | Found Extela's Jewellery Shop.
  1018 | D:2      | Reached XP level 4. HP: 14/34 MP: 7/7
  1178 | D:3      | Found a hide-covered altar of Uskayaw.
  1248 | D:3      | Found Zeukheitt's General Store.
  1293 | D:3      | Reached skill level 2 in Necromancy
  1643 | D:3      | Found a shimmering blue altar of Sif Muna.
  1727 | D:3      | Identified the +6 whip "Udal Sabb" {elec, Dex+4}
  2014 | D:4      | Noticed an ogre
  2023 | D:4      | Killed an ogre
  2024 | D:4      | Gained mutation: You regenerate magic rapidly. [demonic
                  | ancestry]
  2024 | D:4      | Reached XP level 5. HP: 34/41 MP: 8/8
  2221 | D:4      | Reached skill level 3 in Necromancy
  2221 | D:4      | Reached XP level 6. HP: 47/47 MP: 9/9
  2630 | D:4      | Found a staircase to the Ecumenical Temple.
  2640 | Temple   | Entered the Ecumenical Temple
  2887 | D:4      | Gained mutation: When hurt, damage is shared between your
                  | health and your magic reserves. [demonic ancestry]
  2887 | D:4      | Reached XP level 7. HP: 51/54 MP: 10/10
  3293 | D:5      | Entered Level 5 of the Dungeon
  3327 | D:5      | Reached skill level 4 in Necromancy
  3353 | D:5      | Found an ornate altar of the Wu Jian Council.
  3486 | D:5      | Found a sacrificial altar of Ru.
  3503 | D:5      | Found a shadowy altar of Dithmenos.
  3545 | D:5      | Found Enikk's Elemental Accessories.
  3550 | D:5      | Noticed Eustachio
  3567 | D:5      | Killed Eustachio
  3717 | D:5      | Found a hazy altar of Hepliaklqana.
  3760 | D:5      | Found Sonueg's Jewellery Shop.
  3906 | D:6      | Found a sparkling altar of Nemelex Xobeh.
  3969 | D:6      | Found a glowing drain.
  3991 | Sewer    | Entered a sewer
  4188 | D:6      | Reached XP level 8. HP: 61/61 MP: 11/11
  4191 | D:6      | Reached skill level 5 in Fighting
  4209 | D:6      | Reached skill level 5 in Necromancy
  4590 | D:6      | Identified the +5 long sword "Riheus" {flame, +Blink rC-
                  | rN+++ Dex-5}
  4929 | D:6      | Reached skill level 5 in Dodging
  5234 | D:7      | Noticed a dream sheep
  5236 | D:7      | Noticed a dream sheep
  5241 | D:7      | Noticed a dream sheep
  5451 | D:7      | Reached skill level 6 in Necromancy
  5451 | D:7      | Reached skill level 5 in Earth Magic
  5599 | D:7      | Killed a dream sheep
  5600 | D:7      | Gained mutation: A demonic guardian rushes to your aid.
                  | [demonic ancestry]
  5600 | D:7      | Reached XP level 9. HP: 62/69 MP: 12/12
  6166 | D:8      | Reached skill level 7 in Necromancy
  6434 | D:8      | Noticed Erica
  6452 | D:8      | Killed Erica
  7040 | D:7      | Reached XP level 10. HP: 56/77 MP: 13/13
  7487 | D:8      | Found a broken altar of Ashenzari.
  7528 | D:8      | Became a worshipper of Ashenzari the Shackled
  7856 | D:9      | Reached skill level 8 in Necromancy
  8035 | D:9      | Found an iron altar of Okawaru.
  8636 | D:9      | Found an ancient bone altar of Kikubaaqudgha.
  8797 | D:9      | Reached skill level 9 in Necromancy
  9305 | D:10     | Entered Level 10 of the Dungeon
  9889 | D:10     | Found a stormy altar of Qazlal.
 10003 | D:10     | Gained mutation: When low on magic, you restore magic in
                  | place of health. [demonic ancestry]
 10003 | D:10     | Reached XP level 11. HP: 70/87 MP: 14/14
 10368 | D:10     | Found a staircase to the Lair.
 10377 | Lair:1   | Entered Level 1 of the Lair of Beasts
 10980 | Lair:1   | HP: 4/89 [poisoned by a cane toad]
 12075 | Lair:1   | Learned a level 3 spell: Hailstorm
 12274 | Lair:2   | Reached skill level 10 in Necromancy
 12379 | Lair:2   | Noticed Fannar
 12394 | Lair:3   | Found a staircase to the Swamp.
 12468 | Lair:3   | Reached skill level 1 in Ice Magic
 12476 | Lair:3   | HP: 3/89 [elephant (9)]
 12476 | Lair:3   | HP: 1/89 [elephant (2)]
 12478 | Lair:3   | Slain by an elephant

Illustrated notes

Levels and vault maps discovered:
D:1:      saegor_arrival_under_anarchy, layout_rooms
D:2:      layout_rooms, serial_shops, shop
D:3:      layout_loops_ring, mainiacjoe_overflow_chevrons,
          mainiacjoe_overflow_tiny_flanked, serial_shops,
          nicolae_shop_waterfront, chequers_serial_rivers_small_3
D:4:      layout_loops_corners, minmay_temple_entry_stoned_glass
D:5:      layout_rooms, mainiacjoe_overflow_alcove_4, old_standard_altar,
          nicolae_dithmenos_through_a_glass_darkly,
          mainiacjoe_overflow_boulevard, serial_shops,
          nicolae_shop_hallway_stairs, minmay_holes, nicolae_elemental_shop,
          uniq_eustachio
D:6:      layout_basic, lemuel_crystal_altar, cheibrodos_sewer_entry_sluice
D:7:      layout_loops_cross, dreamdust_gnoll_shepherd
D:8:      layout_loops_corners, ashenzari_conservatory_becter, uniq_erica
D:9:      layout_roguey [special_room_kobold], nicolae_overflow_hidden_temple,
          tgw_kikubaaqudgha, abandoned_shop
D:10:     layout_basic, marbit_many_paths, nicolae_tso_carved_into_rock,
          lair_entry_dummy
Temple:   compressed_dpeg_circular_temple
Lair:1:   layout_chaotic_city, serial_bayou_lake_a, serial_bayou_shore_a
Lair:2:   layout_gridlike, basic_altar, uniq_fannar
Lair:3:   layout_misc_corridors, minmay_swamp_entry_reptiles,
          spider_nest_entry_funnel_web, grunt_megastairs_5,
          infiniplex_staircase_pool, serial_bayou_shore_b

Skill      XL: |  1  2  3  4  5  6  7  8  9 10 11 |
---------------+----------------------------------+-----
Dodging        | 2 3 4 5 6 8 |  8.7
Necromancy     | 1 2 3 4 6 7 9 10 | 10.1
Earth Magic    | 1 2 3 4 5 6 7 8 |  8.4
Fighting       | 3 4 6 7 8 9 |  9.5
Ice Magic      | 1 |  1.3
Polearms       | |  2.6
Spellcasting   | |  2.0
Conjurations   | |  3.0

Action                   |  1- 3 |  4- 6 |  7- 9 | 10-12 || total
-------------------------+-------+-------+-------+-------++-------
Melee: Spear             |   155 |    45 |       |       ||   200
       Punch             |     2 |     1 |     4 |       ||     7
       Whip              |       |    72 |   270 |   320 ||   662
Throw: Dart              |       |     2 |     9 |     9 ||    20
       Boomerang         |       |       |     3 |       ||     3
 Cast: Hailstorm         |       |       |       |     2 ||     2
Invok: Curse Item        |       |       |       |     1 ||     1
Evoke: Wand              |       |       |       |    22 ||    22
  Use: Scroll            |       |     6 |    10 |     8 ||    24
       Potion            |       |     1 |     3 |     9 ||    13
 Stab: Distracted        |       |       |     1 |       ||     1
       Paralysed         |       |       |       |     6 ||     6
Armor: Leather armour    |    13 |       |       |       ||    13
       Ring mail         |    49 |    47 |    79 |    90 ||   265
Dodge: Dodged            |   112 |    65 |   212 |   264 ||   653

Table legend: (Time is in decaauts)
 A = Elapsed time spent in this place.
 B = Non-inter-level travel time spent in this place.
 C = Inter-level travel time spent in this place.
 D = Time resting spent in this place.
 E = Time spent auto-exploring this place.
 F = Levels seen in this place.
 G = Mean time per level.
                   A        B        C        D        E       F      G
               +--------+--------+--------+--------+--------+-----+--------+
         Total |  12588 |  12146 |    442 |   1543 |   7794 |  15 |  839.2 |
       Dungeon |  10096 |   9693 |    403 |    835 |   6633 |  10 | 1009.6 |
        Temple |    239 |    205 |     34 |      0 |    190 |   1 |  239.0 |
          Lair |   2139 |   2134 |      5 |    708 |    970 |   3 |  713.0 |
         Sewer |    112 |    112 |      0 |      0 |      0 |   1 |  112.0 |
               +--------+--------+--------+--------+--------+-----+--------+

Top non-repeatable levels by time:
  Lair:1: 1585 daAuts
     D:7: 1568 daAuts
     D:9: 1474 daAuts
     D:6: 1315 daAuts
    D:10: 1077 daAuts
     D:4: 1069 daAuts
     D:8: 1040 daAuts
     D:3: 868 daAuts
     D:2: 687 daAuts
     D:5: 536 daAuts
  Lair:2: 469 daAuts
     D:1: 458 daAuts
  Temple: 239 daAuts
   Sewer: 112 daAuts
  Lair:3: 84 daAuts
